 Dungeon Crawl Stone Soup version 0.30-a0-218-gedb9141078 (webtiles) character file.

Game seed: 158360833604008696

2753 BlueGoblin the Skirmisher (level 9, -6/68 HPs)
             Began as a Demonspawn Hunter on Oct 5, 2022.
             Was a Believer of Makhleb.
             Mangled by a two-headed ogre
             ... wielding a +0 giant club
              (14 damage)
             ... on level 8 of the Dungeon.
             The game lasted 00:13:02 (8234 turns).

BlueGoblin the Skirmisher (Demonspawn Hunter)       Turns: 8234, Time: 00:13:03

Health: -6/68      AC: 14    Str: 12    XL:     9   Next: 41%
Magic:  18/18      EV: 13    Int:  7    God:    Makhleb [**....]
Gold:   383        SH:  4    Dex: 20    Spells: 8/8 levels left

rFire   . . .      SeeInvis +    a - +0 arbalest
rCold   . . .      Faith    .    (shield currently unavailable)
rNeg    + + +      Spirit   .    y - +3 leather armour of Morality {rPois rN+++ Int-4 Slay+2}
rPois   +          Reflect  .    (helmet restricted)
rElec   .          Harm     .    m - +2 cloak
rCorr   .          Rampage  .    w - +0 pair of gloves
Will    .....                    (no boots)
Stlth   ++........               v - amulet of magic regeneration
HPRegen 0.31/turn                k - ring of see invisible
MPRegen 0.56/turn                j - ring of magical power

@: studying Poison Magic
A: antennae 2, icemail 1, condensation shield
a: Renounce Religion, Minor Destruction


You were on level 8 of the Dungeon.
You worshipped Makhleb.
Makhleb was pleased with you.
You visited 2 branches of the dungeon, and saw 9 of its levels.

You collected 383 gold pieces.

Inventory:

Hand Weapons
 a - a +0 arbalest (weapon)
 b - a +0 dagger of draining
Armour
 c - a +1 leather armour
 m - a +2 cloak (worn)
 r - a +0 kite shield
 w - a +0 pair of gloves (worn)
 y - the +3 leather armour of Morality (worn) {rPois rN+++ Int-4 Slay+2}
   (You found it on level 6 of the Dungeon)

   Int:       It affects your intelligence (-4).
   Slay:      It affects your accuracy & damage with ranged weapons and melee
   (+2).
   rPois:     It protects you from poison.
   rN:        It renders you almost immune to negative energy.
Jewellery
 j - a ring of magical power (right hand)
 k - a ring of see invisible (left hand)
 o - a +6 ring of intelligence
 v - an amulet of magic regeneration (around neck)
Wands
 p - a wand of digging (3)
 s - a wand of paralysis (1)
 u - a wand of iceblast (10)
Scrolls
 g - 3 scrolls of fog
 l - a scroll of teleportation
 q - 2 scrolls of immolation
 x - 3 scrolls of poison
Potions
 d - 2 potions of resistance
 e - 2 potions of curing
 f - a potion of berserk rage
 h - 2 potions of invisibility
 i - 2 potions of lignification {unknown}
 t - a potion of brilliance


   Skills:
 + Level 5.6 Fighting
 + Level 10.4 Ranged Weapons
 + Level 3.2 Armour
 + Level 3.6 Dodging
 - Level 0.8 Stealth


You had 8 spell levels left.
You didn't know any spells.
Your spell library contained the following spells:

 Spells                   Type           Power      Damage    Failure   Level
 Yara's Violent Unravell  Hex/Tmut       0%         3d3       100%        5
 Enfeeble                 Hex            0%         N/A       100%        7


Dungeon Overview and Level Annotations

Branches:
Dungeon (8/15)             Temple (1/1) D:4
   Lair: D:8-11

Altars:
Ashenzari
Cheibriados
Dithmenos
Fedhas
Gozag
Hepliaklqana
Kikubaaqudgha
Makhleb
Nemelex Xobeh
Okawaru
Qazlal
Ru
Sif Muna
Trog
Uskayaw
Vehumet
Wu Jian
Xom
Yredelemnul

Annotations:
D:5 1 runed translucent door, jehirs's ghost, amateur HOMo


Innate Abilities, Weirdness & Mutations

You have a pair of antennae on your head.
A meltable icy envelope protects you from harm. (AC +4)
A meltable shield of frost defends you. (SH +4)


Message History

You open the door.
A white imp and a two-headed ogre come into view.
Found a wand of iceblast (7) and a leather armour.
You shoot a bolt. The bolt hits the two-headed ogre!!
The two-headed ogre shouts in stereo!
The two-headed ogre is moderately wounded.
The two-headed ogre barely misses you.
The two-headed ogre hits you with a +0 giant club.
You shoot a bolt. The bolt hits the two-headed ogre.
The two-headed ogre is heavily wounded.
The two-headed ogre hits you with a +0 giant club!
The two-headed ogre hits you but does no damage.
You shoot a bolt. The bolt hits the two-headed ogre!
The two-headed ogre is severely wounded.
The two-headed ogre hits you with a +0 giant club.
The two-headed ogre hits you with a +0 giant club!
You shoot a bolt.
The bolt hits the two-headed ogre but does no damage.
The two-headed ogre is severely wounded.
The two-headed ogre hits you with a +0 giant club!
The two-headed ogre hits you with a +0 giant club!!
* * * LOW HITPOINT WARNING * * *
You are too injured to fight recklessly!
You are too injured to fight recklessly!
You feel much better.
Fire: a) +0 arbalest
Press: ? - help, Shift-Dir - straight line, f/p - two-headed ogre
Aim: a two-headed ogre, wielding two +0 giant clubs (severely wounded, 79% to hit)
You shoot a bolt. The bolt hits the two-headed ogre.
The two-headed ogre is severely wounded.
The two-headed ogre hits you with a +0 giant club!
* * * LOW HITPOINT WARNING * * *
The two-headed ogre misses you.
Unknown command.
Aiming: Paralyse
Press: ? - help, Shift-Dir - straight line, f/p - two-headed ogre
Aim: a two-headed ogre, wielding two +0 giant clubs (severely wounded, chance to affect: 31%)
The two-headed ogre easily resists.
The two-headed ogre hits you with a +0 giant club!
You die...

...###+# .######)##..##.
.......)#......
........#...... ##+##
........'...... §≈.§≈
##+###..###.###
§....≈####..###..#######
...[.≈#......#....#....#
..≈.5.O......#....'..).+
#@.....#....##)###
#.####.###..##..##
#.####.###..##...#
###........#..#....#
#..........+..#....#
####..##########..##
#..######.###..#.
#.........#......
#.........#......


You could see a two-headed ogre and a white imp.

Vanquished Creatures
  An ugly thing (D:8)
  Sigmund (D:6)
  A steam dragon (D:8)
  Menkaure (D:6)
  Duvessa (D:5)
  An ice beast (D:6)
  An orc warrior (D:8)
  A sky beast (D:8)
  An ogre (D:5)
  2 centaurs (D:7)
  A phantom (D:6)
  2 kobold brigands
  Blork the orc (D:6)
  2 necrophages
  2 scorpions
  Dowan (D:5)
  2 howler monkeys
  3 jellies
  Crazy Yiuf (D:7)
  4 orc priests
  A gnoll bouda (D:8)
  2 iguanas (D:6)
  2 orc wizards
  15 gnolls
  7 adders
  A shadow imp (D:8)
  A white imp (D:7)
  An ufetubus (D:6)
  4 dart slugs
  22 orcs
  6 ball pythons
  8 endoplasms
  A giant cockroach (D:2)
  10 goblins
  6 hobgoblins
  3 quokkas
  2 bats (D:1)
  5 frilled lizards
  17 kobolds
  3 rats
147 creatures vanquished.

Vanquished Creatures (others)
  An orc wizard (D:8)
1 creature vanquished.

Grand Total: 148 creatures vanquished

Notes
Turn   | Place    | Note
-------+----------+-------------------------------------------
     0 | D:1      | BlueGoblin the Demonspawn Hunter began the quest for the
                  | Orb.
     0 | D:1      | Reached XP level 1. HP: 16/16 MP: 1/1
   124 | D:1      | Reached skill level 4 in Ranged Weapons
   185 | D:1      | Gained mutation: You have a pair of small antennae on your
                  | head. [demonic ancestry]
   185 | D:1      | Reached XP level 2. HP: 22/22 MP: 2/2
   694 | D:1      | Reached XP level 3. HP: 19/27 MP: 3/3
  2618 | D:4      | Found a staircase to the Ecumenical Temple.
  2671 | D:3      | Reached XP level 4. HP: 15/33 MP: 4/4
  2827 | D:4      | Reached skill level 1 in Armour
  2830 | D:4      | Reached skill level 5 in Ranged Weapons
  2865 | D:4      | Gained mutation: A meltable shield of frost defends you.
                  | (SH +4) [demonic ancestry]
  2865 | D:4      | Reached XP level 5. HP: 38/38 MP: 5/5
  3263 | D:4      | Found a sacrificial altar of Ru.
  3347 | Temple   | Entered the Ecumenical Temple
  3784 | Temple   | Became a worshipper of Makhleb the Destroyer
  3818 | D:5      | Entered Level 5 of the Dungeon
  4135 | D:5      | Gained mutation: You have a pair of antennae on your head.
                  | [demonic ancestry]
  4135 | D:5      | Reached XP level 6. HP: 41/46 MP: 6/6
  4230 | D:5      | Reached skill level 6 in Ranged Weapons
  4354 | D:5      | Found a runed translucent door.
  4356 | D:5      | Noticed jehirs's ghost (amateur HOMo)
  4356 | D:5      | Noticed a troll
  4828 | D:5      | Reached * piety under Makhleb
  4851 | D:5      | Reached XP level 7. HP: 52/52 MP: 7/7
  5054 | D:5      | Reached skill level 7 in Ranged Weapons
  5333 | D:6      | Noticed Duvessa
  5333 | D:6      | Noticed Dowan
  5365 | D:5      | Killed Duvessa
  5368 | D:5      | Killed Dowan
  5633 | D:6      | Noticed Sigmund
  5638 | D:6      | Killed Sigmund
  5692 | D:6      | Gained mutation: A meltable icy envelope protects you from
                  | harm. (AC +4) [demonic ancestry]
  5692 | D:6      | Reached XP level 8. HP: 41/60 MP: 8/8
  5770 | D:6      | Identified the +3 leather armour of Morality {rPois rN+++
                  | Int-4 Slay+2}
  5898 | D:6      | Noticed Blork the orc
  5909 | D:6      | Killed Blork the orc
  5910 | D:6      | Reached skill level 8 in Ranged Weapons
  6431 | D:6      | Noticed Menkaure
  6454 | D:6      | Killed Menkaure
  6817 | D:7      | Found a blossoming altar of Fedhas.
  6911 | D:7      | Found a flagged portal.
  6938 | D:7      | Reached skill level 9 in Ranged Weapons
  7189 | D:7      | Found a runed translucent door.
  7190 | D:7      | Noticed Crazy Yiuf
  7369 | D:7      | Killed Crazy Yiuf
  7551 | D:8      | Reached skill level 5 in Fighting
  7679 | D:8      | Reached XP level 9. HP: 55/68 MP: 9/9
  7683 | D:8      | Reached ** piety under Makhleb
  7765 | D:8      | Noticed a red ugly thing
  7787 | D:8      | Killed a red ugly thing
  7788 | D:8      | Reached skill level 10 in Ranged Weapons
  8227 | D:8      | Noticed a two-headed ogre
  8234 | D:8      | Mangled by a two-headed ogre

Illustrated notes

Levels and vault maps discovered:
D:1:      roderic_crop_circles_arrival_small, layout_basic,
          amcnicky_mini_corridor_feature, ebering_dispersal_statue_hall
D:2:      layout_basic, serial_bayou, serial_bayou_lagoon_a,
          serial_bayou_shore_a, serial_bayou_pond_e, serial_bayou_lake_a,
          nicolae_elevator_lobby_asterisk
D:3:      layout_basic
D:4:      layout_cave_pools, nicolae_ru_path_of_blood,
          minmay_temple_entry_purple_smoke, minmay_misc_feat_square,
          minmay_strange_pillars, minmay_misc_feat_five
D:5:      layout_loops_corners, ebering_ghost_inner_flame,
          kennysheep_generic_room_15
D:6:      layout_loops_ring, uniq_blork_the_orc, uniq_duvessa, uniq_menkaure,
          uniq_sigmund
D:7:      layout_basic, lemuel_crystal_altar, enter_bailey_5, solitary_fountain,
          uniq_crazy_yiuf_cottage
D:8:      layout_gridville, kennysheep_generic_room_9
Temple:   mainiacjoe_temple_big_plus

Skill      XL: |  1  2  3  4  5  6  7  8  9 |
---------------+----------------------------+-----
Ranged Weapons | 4 5 6 7 9 10 | 10.4
Dodging        | 2 3 |  3.6
Armour         | 1 2 3 |  3.2
Fighting       | 3 4 5 |  5.6
Stealth        | |  0.8

Action                   |  1- 3 |  4- 6 |  7- 9 || total
-------------------------+-------+-------+-------++-------
Melee: Dagger            |       |       |    44 ||    44
 Fire: Shortbow          |   128 |   187 |   244 ||   559
       Arbalest          |       |       |    27 ||    27
Evoke: Wand              |       |       |     6 ||     6
  Use: Scroll            |     8 |     2 |     3 ||    13
       Potion            |       |       |     7 ||     7
 Stab: Paralysed         |       |       |     8 ||     8
Armor: Leather armour    |    12 |    35 |    55 ||   102
Dodge: Dodged            |    36 |    63 |   106 ||   205
Block: Other             |       |     7 |    30 ||    37

Table legend: (Time is in decaauts)
 A = Elapsed time spent in this place.
 B = Non-inter-level travel time spent in this place.
 C = Inter-level travel time spent in this place.
 D = Time resting spent in this place.
 E = Time spent auto-exploring this place.
 F = Levels seen in this place.
 G = Mean time per level.
                   A        B        C        D        E       F      G
               +--------+--------+--------+--------+--------+-----+--------+
         Total |   8397 |   7593 |    804 |    334 |   5938 |   9 |  933.0 |
       Dungeon |   7937 |   7200 |    737 |    334 |   5554 |   8 |  992.1 |
        Temple |    459 |    392 |     67 |      0 |    384 |   1 |  459.0 |
               +--------+--------+--------+--------+--------+-----+--------+

Top non-repeatable levels by time:
     D:5: 1765 daAuts
     D:6: 1217 daAuts
     D:3: 1057 daAuts
     D:1: 1005 daAuts
     D:2: 829 daAuts
     D:8: 754 daAuts
     D:7: 716 daAuts
     D:4: 590 daAuts
  Temple: 459 daAuts
